 Dungeon Crawl Stone Soup version 0.25-a0-796-gd415a3ffb0 (webtiles) character file.

Game seed: 16882334525062701101, levelgen mode: deterministic

13080 Esekla the Zephyrmancer (level 12, -2/64 HPs)
             Began as a Tengu Venom Mage on Apr 19, 2020.
             Was an Initiate of Gozag.
             Killed by divine providence
             ... invoked by an orc priest
              (13 damage)
             ... while paralysed by an orc sorcerer
             ... on level 2 of the Orcish Mines.
             The game lasted 02:17:26 (13472 turns).

Esekla the Zephyrmancer (Tengu Venom Mage)         Turns: 13472, Time: 02:17:26

Health: -2/64      AC: 12    Str: 16    XL:     12   Next: 2%
Magic:  24/24      EV:  2    Int: 19    God:    Gozag
Gold:   988        SH:  0    Dex: 14    Spells: 6/26 levels left

rFire    . . .     SeeInvis .   v - +2 dagger (venom)
rCold    . . .     Gourm    .   E - +1 buckler
rNeg     . . .     Faith    .   w - +5 ring mail "Uritag" {Str+5}
rPois    .         Spirit   .   (helmet restricted)
rElec    .         Reflect  +   r - +0 cloak
rCorr    .         Harm     .   (no gloves)
MR       .....                  (boots unavailable)
Stlth    +.........             I - +2 amulet of reflection
HPRegen  0.20/turn              M - +2 ring of evasion
MPRegen  0.19/turn              F - +3 ring of slaying

@: paralysed, drained
A: beak, talons 3, able to fly
a: Fly, Potion Petition, Call Merchant, Bribe Branch, Renounce Religion


You were on level 2 of the Orcish Mines.
You worshipped Gozag.
Gozag was pleased with you.
You were not hungry.

You visited 3 branches of the dungeon, and saw 12 of its levels.
You also visited: Ossuary and Bailey.

You collected 2375 gold pieces.
You spent 1307 gold pieces at shops.
You paid 80 gold pieces to Gozag.

Inventory:

Hand Weapons
 l - a +0 long sword
 v - a +2 dagger of venom (weapon)
 N - a +2 trident of freezing
Missiles
 a - 15 boomerangs
 o - 2 javelins
 u - 30 poisoned darts (quivered)
Armour
 r - a +0 cloak (worn)
 w - the +5 ring mail "Uritag" (worn) {Str+5}
   (You found it on level 4 of the Dungeon)

   It affects your strength (+5).
 E - a +1 buckler (worn)
 L - cursed +0 acid dragon scales
Jewellery
 i - an uncursed ring of ice
 t - an uncursed ring of resist corrosion
 x - an uncursed ring of protection from magic
 F - a +3 ring of slaying (right hand)
 I - a +2 amulet of reflection (around neck)
 M - a +2 ring of evasion (left hand)
Wands
 e - a wand of paralysis (6)
 p - a wand of digging (10)
 B - a wand of scattershot (5)
 H - a wand of random effects (28)
 J - a wand of polymorph (11)
Scrolls
 b - 4 scrolls of remove curse
 h - 3 scrolls of teleportation
 j - a scroll of fog
 n - 3 scrolls of enchant armour
 q - a scroll of identify
 y - a scroll of enchant weapon
Potions
 d - 3 potions of invisibility
 f - 3 potions of curing
 g - a potion of mutation {unknown}
 m - a potion of berserk rage {unknown}
 s - 2 potions of resistance
 A - a potion of haste
 D - a potion of cancellation
 G - 2 potions of might
 K - 2 potions of ambrosia
Comestibles
 c - 8 rations


   Skills:
 + Level 3.3(2.7) Fighting
 * Level 8.3(7.7) Short Blades
 + Level 0.2(4.5) Long Blades
 + Level 1.9(1.4) Throwing
 + Level 6.8(6.2) Armour
 + Level 4.0(3.4) Dodging
 - Level 2.0(1.4) Stealth
 * Level 3.7(3.1) Shields
 * Level 7.9(7.3) Spellcasting
 + Level 7.5(6.9) Conjurations
 * Level 1.8(1.2) Hexes
 * Level 2.6(2.1) Translocations
 * Level 1.0(0.5) Transmutations
 + Level 5.6(5.0) Fire Magic
 + Level 8.6(7.9) Air Magic
 + Level 5.4(4.7) Poison Magic


You had 6 spell levels left.
You knew the following spells:

 Your Spells              Type           Power        Failure   Level  Hunger
a - Apportation           Tloc           ###...       9%          1    None
b - Blink                 Tloc           N/A          12%         2    None
c - Mephitic Cloud        Conj/Pois/Air  ####....     4%          3    #......
d - Sting                 Tmut/Pois      ###.         7%          1    None
f - Conjure Flame         Conj/Fire      ####....     4%          3    #......
i - Corona                Hex            ##.....      12%         1    None
n - Ignite Poison         Fire/Tmut/Pois ###.....     14%         3    #......
v - Poisonous Vapours     Pois/Air       ####..       2%          2    None
x - Olgreb's Toxic Radia  Pois           ####....     26%         4    ###....

Your spell library contained the following spells:

 Spells                   Type           Power        Failure   Level  Hunger
 Magic Dart               Conj           ####         1%          1    None
 Slow                     Hex            ##......     17%         2    None
 Animate Skeleton         Necr           N/A          21%         1    None
 Summon Small Mammal      Summ           #...         21%         1    None
 Call Imp                 Summ           #.......     30%         2    None


Dungeon Overview and Level Annotations

Branches:
Dungeon (9/15)             Temple (1/1) D:7             Orc (2/2) D:9
Ossuary (visited)          Bailey (visited)
   Lair: D:8-11         Elf: Orc:2

Altars:
Ashenzari
Cheibriados
Dithmenos
Elyvilon
Fedhas
Gozag
Hepliaklqana
Kikubaaqudgha
Makhleb
Nemelex Xobeh
Okawaru
Qazlal
Ru
Sif Muna
Trog
Uskayaw
Vehumet
Wu Jian
Xom
Yredelemnul
Zin
The Shining One

Shops:
D:6 :   D:7 =}

Annotations:
D:3 Grinder


Innate Abilities, Weirdness & Mutations

You have a beak for a mouth.
You have claws for feet.
You can fly continuously.


Message History

The puff of frost hits you.
* * * LOW HITPOINT WARNING * * *
There is a stone staircase leading up, spattered with blood here.
The orc wizard gestures at you while chanting.
The magic dart hits you but does no damage.
The orc warrior throws a boomerang.
The boomerang hits you but does no damage.
The weapon returns to the orc warrior!
The orc sorcerer gestures at you while chanting.
You suddenly lose the ability to move!
The orc wizard shouts!
You hear a shout!
The orc wizard begins to cast a cantrip, but forgets the words!
The orc warrior hits you from afar with a +0 trident.
* * * LOW HITPOINT WARNING * * *
The orc wizard points at you and mumbles some strange words.
The puff of flame hits you but does no damage.
The orc priest calls down the wrath of Beogh upon you.
Beogh smites you!
You die...
Your body crumbles into a pile of gold.

................#
..<..............
..................
..................
..........$...#O..
....o.............
......oo..........
.$................
##.....@.o<.......
#.....oo).).......
##....o..o3.......
#.......oo........
........o.........
..######ooo######.
.#


o.o.o $ .....o. You could see an orc high priest, a neqoxec, 4 orc sorcerers, 2
orc warriors, 2 orc priests, 6 orc wizards and 2 orcs.

Vanquished Creatures
  An orc warlord (D:9)
  Harold (D:7)
  A hydra (D:9)
  A two-headed ogre (D:8)
  3 orc sorcerers (Orc:1)
  Joseph (D:8)
  Maggie (D:9)
  2 hippogriffs (D:8)
  Sigmund (D:2)
  5 yaks (D:8)
  A spriggan (D:7)
  A warg (D:9)
  An acid dragon (D:9)
  A hornet zombie (D:9)
  An ice beast (D:7)
  8 orc warriors
  2 phantoms
  A sky beast (D:5)
  A black bear (D:7)
  8 ogres
  4 centaurs
  2 elf zombies (Ossuary)
  A big kobold (D:9)
  6 bullfrogs
  8 gnoll sergeants (Bailey)
  3 scorpions
  A water moccasin skeleton (D:7)
  3 killer bees (D:8)
  2 howler monkeys
  7 crimson imps
  A bullfrog zombie (D:8)
  A human zombie (Ossuary)
  3 jellies
  A centaur zombie (Ossuary)
  6 gnoll shamans (Bailey)
  7 hounds
  12 orc priests
  Crazy Yiuf (D:3)
  2 bullfrog skeletons (D:5)
  2 centaur skeletons
  Terence (D:3)
  4 iguanas
  5 worker ants
  24 orc wizards
  A big kobold zombie (Ossuary)
  2 mummies (Ossuary)
  Robin (D:2)
  16 gnolls
  A howler monkey skeleton (D:6)
  A worker ant zombie (D:7)
  10 adders
  A shadow imp (D:6)
  An ooze (D:7)
  3 adder skeletons
  An adder zombie (D:8)
  2 worms (D:2)
  A dart slug (D:1)
  6 leopard geckos
  74 orcs
  8 bats
  5 giant cockroaches
  8 hobgoblins
  9 jackals
  6 quokkas
  A ball python (D:1)
  4 frilled lizards
  11 goblins
  5 goblin zombies (Ossuary)
  8 hobgoblin zombies (Ossuary)
  9 kobolds
  11 kobold zombies (Ossuary)
  2 leopard gecko zombies (D:6)
  7 orc zombies (Ossuary)
  5 rats
  A rat zombie (Ossuary)
  A fungus (D:3)
371 creatures vanquished.

Vanquished Creatures (collateral kills)
  An orc (D:5)
1 creature vanquished.

Grand Total: 372 creatures vanquished

Notes
Turn   | Place    | Note
-------+----------+-------------------------------------------
     0 | D:1      | Esekla the Tengu Venom Mage began the quest for the Orb.
     0 | D:1      | Reached XP level 1. HP: 10/10 MP: 4/4
   252 | D:1      | Reached skill level 1 in Short Blades
   252 | D:1      | Reached XP level 2. HP: 9/15 MP: 6/6
   256 | D:1      | Learned a level 2 spell: Poisonous Vapours
   702 | D:2      | Found a sacrificial altar of Ru.
   704 | D:2      | Reached XP level 3. HP: 20/20 MP: 7/7
   712 | D:2      | Reached skill level 1 in Air Magic
   719 | D:2      | Reached XP level 4. HP: 14/24 MP: 0/8
   867 | D:2      | Learned a level 3 spell: Mephitic Cloud
   889 | D:2      | Noticed Robin
   905 | D:2      | Killed Robin
   905 | D:2      | Reached skill level 1 in Fighting
  1045 | D:2      | Noticed Sigmund
  1054 | D:2      | Killed Sigmund
  1054 | D:2      | Reached skill level 1 in Conjurations
  1054 | D:2      | Gained mutation: You can fly continuously. [Tengu growth]
  1054 | D:2      | Reached XP level 5. HP: 22/30 MP: 3/10
  1054 | D:2      | Reached XP level 6. HP: 26/35 MP: 3/11
  2083 | D:3      | Noticed Terence
  2282 | D:3      | Found a faded altar of an unknown god.
  2340 | D:3      | Killed Terence
  2559 | D:3      | Noticed Grinder
  2569 | D:3      | Paralysed by Grinder for 3 turns
  2734 | D:3      | Found a runed translucent door.
  2735 | D:3      | Noticed Crazy Yiuf
  2750 | D:3      | Killed Crazy Yiuf
  3084 | D:3      | Became a worshipper of Elyvilon the Healer
  3084 | D:3      | Reached * piety under Elyvilon
  3121 | D:4      | Learned a level 3 spell: Ignite Poison
  3362 | D:4      | Got a distressingly furry ring mail
  3452 | D:4      | Identified the +5 ring mail "Uritag" {Str+5} (You found it
                  | on level 4 of the Dungeon)
  3477 | D:4      | You fall into a shaft and drop 2 floors!
  3491 | D:6      | Reached skill level 1 in Fire Magic
  3491 | D:6      | Reached XP level 7. HP: 40/40 MP: 3/13
  3649 | D:6      | Reached ** piety under Elyvilon
  3674 | D:6      | Reached skill level 1 in Armour
  3751 | D:6      | Found Xeag's Book Shoppe.
  4017 | D:5      | Entered Level 5 of the Dungeon
  4189 | D:6      | Reached XP level 8. HP: 29/44 MP: 8/14
  4300 | D:5      | Reached skill level 5 in Short Blades
  4607 | D:5      | Found a white marble altar of Elyvilon.
  4667 | D:5      | Reached *** piety under Elyvilon
  4722 | D:5      | Reached skill level 5 in Air Magic
  5572 | D:5      | Reached **** piety under Elyvilon
  5861 | D:6      | Found a shimmering blue altar of Sif Muna.
  6114 | D:7      | Found Ixemp's Jewellery Shoppe.
  6123 | D:7      | Noticed a spriggan baker
  6128 | D:7      | Killed a spriggan baker
  6176 | D:7      | Reached XP level 9. HP: 48/49 MP: 17/17
  6220 | D:7      | Reached skill level 5 in Spellcasting
  6314 | D:7      | Found a hazy altar of Hepliaklqana.
  6341 | D:7      | Found a sand-covered staircase.
  6350 | Ossuary  | Entered an ossuary
  6917 | D:7      | Found a stormy altar of Qazlal.
  6917 | D:7      | Found an ornate altar of the Wu Jian Council.
  6957 | D:7      | Found a staircase to the Ecumenical Temple.
  6972 | Temple   | Entered the Ecumenical Temple
  7138 | Temple   | Fell from the grace of Elyvilon
  7138 | Temple   | Became a worshipper of Gozag Ym Sagoz the Greedy
  7326 | D:7      | Found Sif Maok Yma's Gadget Shoppe.
  7333 | D:7      | Noticed Harold
  7349 | D:7      | Killed Harold
  7349 | D:7      | Reached skill level 5 in Armour
  7349 | D:7      | Reached skill level 5 in Conjurations
  7358 | D:7      | Reached XP level 10. HP: 49/55 MP: 6/19
  7557 | D:7      | Found an iron altar of Okawaru.
  7723 | D:6      | Bought a book of Minor Magic for 260 gold pieces
  7726 | D:6      | Learned a level 2 spell: Blink
  7730 | D:6      | Learned a level 3 spell: Conjure Flame
  7817 | D:8      | Found a shimmering altar of Xom.
  7884 | D:8      | Noticed Joseph
  7905 | D:8      | Killed Joseph
  7984 | D:8      | Reached skill level 1 in Translocations
  7991 | D:8      | Reached skill level 5 in Fire Magic
  8010 | D:8      | Reached skill level 1 in Shields
  8094 | D:8      | Found a burning altar of Makhleb.
  8098 | D:8      | Noticed a balrug
  8352 | D:8      | Found a flagged portal.
  8361 | Bailey   | Entered a bailey
  9571 | D:8      | Noticed a two-headed ogre
  9587 | D:8      | Killed a two-headed ogre
  9587 | D:8      | Reached XP level 11. HP: 30/60 MP: 7/22
  9755 | D:7      | Bought a +3 ring of slaying for 675 gold pieces
  9755 | D:7      | Bought a +2 amulet of reflection for 112 gold pieces
 10057 | D:8      | Found a shattered altar of Ashenzari.
 10657 | D:9      | Noticed a five-headed hydra
 10670 | D:9      | Killed a five-headed hydra
 10670 | D:9      | Reached skill level 1 in Throwing
 11064 | D:9      | Noticed Maggie
 11076 | D:9      | Killed Maggie
 11158 | D:6      | Bought a book of Cantrips for 260 gold pieces
 11163 | D:6      | Learned a level 4 spell: Olgreb's Toxic Radiance
 11165 | D:6      | Learned a level 1 spell: Apportation
 11167 | D:6      | Learned a level 1 spell: Corona
 11402 | D:9      | Found a staircase to the Orcish Mines.
 11803 | Orc:1    | Entered Level 1 of the Orcish Mines
 11804 | Orc:1    | Noticed an orc sorcerer
 11810 | Orc:1    | Killed an orc sorcerer
 11968 | Orc:1    | Noticed an orc sorcerer
 11969 | Orc:1    | Noticed a sixfirhy
 12174 | Orc:1    | Killed an orc sorcerer
 12264 | Orc:1    | Noticed an orc warlord
 12331 | D:9      | Killed an orc warlord
 12331 | D:9      | Reached skill level 1 in Hexes
 12331 | D:9      | Reached skill level 1 in Transmutations
 12660 | Orc:1    | Reached skill level 5 in Poison Magic
 12879 | Orc:2    | Entered Level 2 of the Orcish Mines
 12883 | Orc:2    | Noticed an orc sorcerer
 12885 | Orc:2    | Noticed an orc sorcerer
 12976 | Orc:1    | Paralysed by an orc sorcerer for 6 turns
 12977 | Orc:1    | Killed an orc sorcerer
 13129 | Orc:2    | Noticed an orc high priest
 13132 | Orc:2    | Noticed an orc sorcerer
 13138 | Orc:2    | HP: 2/60 [orc warrior/+0 dire flail (11)]
 13145 | Orc:1    | Reached XP level 12. HP: 15/64 MP: 8/24
 13470 | Orc:2    | Paralysed by an orc sorcerer for 7 turns
 13472 | Orc:2    | Killed from afar by an orc priest

Levels and vault maps discovered:
D:1:      onia_arrival_pyramid, layout_loops_ring,
          hangedman_abyss_or_decor_stabs
D:2:      layout_basic, nicolae_ru_great_annihilating_truth, uniq_robin,
          uniq_sigmund
D:3:      layout_loops_cross, chequers_ecumenical_altar_simple_redux,
          first_ration, chequers_arboretum, st_stairs_12, grunt_decor_cap,
          uniq_grinder, uniq_crazy_yiuf_cottage, uniq_terence
D:4:      layout_basic
D:5:      layout_loops_corners, kennysheep_mini_moat
D:6:      layout_loops_ring, lemuel_doored_altar, serial_shops, shop
D:7:      layout_loops_ring, kennysheep_little_box, okawaru_altar_gauntlet_db,
          gammafunk_temple_overflow_elements, minmay_temple_entry_trees,
          serial_shops, nicolae_shop_behind_doors, shop,
          nicolae_ossuary_entry_monument, the_bakery,
          kennysheep_generic_room_15, uniq_harold
D:8:      layout_loops_corners, evilmike_ruin_ashenzari, lemuel_round_altar,
          enter_bailey_8, makhleb_altar_promises_db, uniq_joseph
D:9:      layout_basic, hiddenorc2_lemuel, uniq_maggie
Temple:   eino_narrow_crystal_temple
Orc:1:    layout_caves, uniq_snorg, uniq_urug
Orc:2:    st_orc_mages, layout_caves

Skill      XL: |  1  2  3  4  5  6  7  8  9 10 11 |
---------------+----------------------------------+-----
Short Blades   | 1 2 3 4 5 7 8 |  8.3
Air Magic      | 1 2 3 4 5 6 7 8 |  8.6
Fighting       | 2 3 |  3.3
Spellcasting   | 3 4 5 6 7 |  7.9
Conjurations   | 1 2 4 5 7 |  7.5
Fire Magic     | 1 2 3 4 5 |  5.6
Armour         | 1 3 5 6 |  6.8
Dodging        | 3 4 |  4.0
Poison Magic   | 4 5 |  5.4
Translocations | 1 2 |  2.6
Shields        | 1 3 |  3.7
Throwing       | 1 |  1.9
Hexes          | 1 |  1.8
Transmutations | 1 |  1.0
Long Blades    | |  0.2
Stealth        | |  2.0

Action                   |  1- 3 |  4- 6 |  7- 9 | 10-12 || total
-------------------------+-------+-------+-------+-------++-------
Melee: Short sword       |    44 |    69 |       |       ||   113
       Kick              |     7 |    22 |   154 |   172 ||   355
       Peck              |     2 |    13 |    82 |    84 ||   181
       Rapier            |       |     8 |    49 |       ||    57
       Dagger            |       |       |   375 |   483 ||   858
       Long sword        |       |       |       |    15 ||    15
       Mace              |       |       |       |     5 ||     5
Throw: Javelin           |       |     2 |     6 |       ||     8
       Dart              |       |       |     7 |    35 ||    42
       Boomerang         |       |       |       |    20 ||    20
 Cast: Sting             |     1 |       |       |       ||     1
       Poisonous Vapours |     8 |    30 |    34 |   108 ||   180
       Mephitic Cloud    |       |     2 |     7 |    23 ||    32
       Ignite Poison     |       |       |     1 |    12 ||    13
       Conjure Flame     |       |       |       |    10 ||    10
       Blink             |       |       |       |     8 ||     8
       Corona            |       |       |       |     3 ||     3
Invok: Greater Healing   |       |       |     1 |       ||     1
 Abil: Fly               |       |       |     1 |       ||     1
       Stop Flying       |       |       |     1 |       ||     1
  Use: Scroll            |       |     2 |     5 |    11 ||    18
       Potion            |       |       |       |     6 ||     6
 Stab: Sleeping          |     3 |     4 |     2 |     1 ||    10
       Paralysed         |     1 |       |       |       ||     1
       Confused          |       |     2 |       |     5 ||     7
       Distracted        |       |     1 |       |     3 ||     4
  Eat: Chunk             |       |     6 |     8 |       ||    14
       Ration            |       |     1 |     2 |     7 ||    10
Armor: Robe              |     6 |     5 |       |       ||    11
       Ring mail         |       |       |   113 |   134 ||   247
Dodge: Dodged            |    33 |    39 |   132 |   210 ||   414
Block: Buckler           |       |       |       |    79 ||    79
       Reflection        |       |       |       |     4 ||     4
       Rpst.: Long sword |       |       |       |     4 ||     4

Table legend:
 A = Non-vault XP
 B = Vault XP
 C = Vault XP percentage of total XP
 D = Non-vault monster count
 E = Vault monster count
 F = Vault count percentage of total count
                 A         B        C        D         E       F
            +---------+---------+-------+---------+---------+-------
      Total |   12930 |    5757 |  30.8 |     229 |     142 |  38.3
            +---------+---------+-------+---------+---------+-------
        D:1 |      31 |       0 |   0.0 |      19 |       0 |   0.0
        D:2 |      46 |     317 |  87.3 |      18 |      12 |  40.0
        D:3 |      30 |     103 |  77.4 |       9 |       4 |  30.8
        D:4 |     122 |       0 |   0.0 |      12 |       0 |   0.0
        D:5 |     800 |       0 |   0.0 |      20 |       0 |   0.0
        D:6 |     678 |       0 |   0.0 |      24 |       0 |   0.0
        D:7 |    1077 |    1285 |  54.4 |      26 |       9 |  25.7
        D:8 |    3231 |     439 |  12.0 |      31 |       1 |   3.1
        D:9 |    4452 |     740 |  14.3 |      33 |      31 |  48.4
      Orc:1 |    2422 |    1222 |  33.5 |      36 |      14 |  28.0
      Orc:2 |      41 |      66 |  61.7 |       1 |       2 |  66.7
    Ossuary |       0 |     379 | 100.0 |       0 |      39 | 100.0
     Bailey |       0 |    1206 | 100.0 |       0 |      30 | 100.0
            +---------+---------+-------+---------+---------+-------
